 Dungeon Crawl Stone Soup version 0.18.1-50-g88ac8fd (webtiles) character file.

73 yungnami the Skirmisher (level 4, -4/31 HPs)
             Began as a High Elf Fighter on Oct 3, 2016.
             Slain by Sigmund
             ... wielding a +0 scythe
              (8 damage)
             ... on level 3 of the Dungeon.
             The game lasted 00:07:17 (1251 turns).

yungnami the Skirmisher (High Elf Fighter)          Turns: 1251, Time: 00:07:18

Health: -4/31      AC:  8    Str: 16    XL:     4   Next: 8%
Magic:  5/5        EV:  7    Int: 12    God:
Gold:   96         SH:  9    Dex: 14    Spells: 0 memorised, 3 levels left

rFire  . . .     SeeInvis .     h - +0 falchion
rCold  . . .     Gourm    .     b - +0 scale mail
rNeg   . . .     Faith    .     c - +0 shield
rPois  .         Spirit   .     (no helmet)
rElec  .         Dismiss  .     n - +0 cloak
rCorr  .         Reflect  .     (no gloves)
SustAt .         Harm     .     (no boots)
MR     .....                    (no amulet)
Stlth  ..........               (no ring)
                                (no ring)

@: not resistant to hostile enchantments, extremely unstealthy
A: no striking features
a: no special abilities


You were on level 3 of the Dungeon.
You were full.

You visited 1 branch of the dungeon, and saw 3 of its levels.

You collected 96 gold pieces.

Inventory:

Hand Weapons
 a - a +0 long sword
 h - a +0 falchion (weapon)
Missiles
 e - 96 stones (quivered)
Armour
 b - a +0 scale mail (worn)
 c - a +0 shield (worn)
 n - a +0 cloak (worn)
Scrolls
 g - a scroll of identify
 i - a scroll of noise {unknown}
 l - 2 scrolls of teleportation {unknown}
Potions
 d - a potion of might
 k - 3 potions of curing
 p - a potion of flight {unknown}
Comestibles
 f - a bread ration
 j - a beef jerky
 m - 4 chunks of flesh
 o - 2 meat rations


   Skills:
 + Level 3.3 Fighting
 + Level 2.9 Long Blades
 + Level 0.2 Throwing
 + Level 3.3 Armour
 + Level 1.3 Dodging
 + Level 3.2 Shields


You had 3 spell levels left.
You didn't know any spells.

Dungeon Overview and Level Annotations

Branches:
Dungeon (3/15)

Altars:

Annotations:
D:3 Sigmund


Message History

Deactivating autopickup; reactivate with Ctrl-A.
You open the door. You block the jackal's attack. You block the orc's attack.
The jackal bites you but does no damage.
You block the orc's attack.
There is an open door here.
Your shield and scale mail prevent you from hitting the jackal.
The jackal bites you but does no damage.
You block the jackal's attack.
You hit the jackal.
The jackal is almost dead.
The jackal bites you but does no damage.
You block the jackal's attack.
You hit the jackal but do no damage.
The jackal is almost dead.
You block the jackal's attack. Something hits you but does no damage.
You block the jackal's attack.
You hit the jackal.
You kill the jackal!
Something hits you!
You die...

....................).....#
#.........(...............#
#.........................#
#.........................#
#.........................#
..........................#
....###[##########.........
.... ##.##########.......##
... +.<).......@og......+
#############.......#
#.......# #.(.....#
#.......# #########


You could see an orc and a goblin.

Vanquished Creatures
  An adder (D:2)
  A worm (D:2)
  2 dart slugs (D:2)
  7 giant geckos
  4 orcs (D:3)
  A giant cockroach (D:1)
  8 goblins
  3 hobgoblins
  2 jackals (D:3)
  3 bats
  3 giant newts
  3 kobolds
  8 rats
46 creatures vanquished.

Notes
Turn   | Place    | Note
--------------------------------------------------------------
     0 | D:1      | yungnami the High Elf Fighter began the quest for the Orb.
     0 | D:1      | Reached XP level 1. HP: 16/16 MP: 2/2
   135 | D:1      | Reached XP level 2. HP: 21/21 MP: 3/3
   614 | D:2      | Reached XP level 3. HP: 19/26 MP: 4/4
  1133 | D:3      | Reached skill level 1 in Dodging
  1176 | D:3      | Reached XP level 4. HP: 31/31 MP: 5/5
  1202 | D:3      | Noticed Sigmund
  1225 | D:3      | HP: 1/31 [Sigmund/scythe (7)]
  1251 | D:3      | Slain by Sigmund

Skill      XL: |  1  2  3 |
---------------+----------+-----
Armour         | 3 |  3.3
Shields        | 3 |  3.2
Dodging        | 1 |  1.3
Fighting       | |  3.3
Long Blades    | |  2.9
Throwing       | |  0.2

Action                   |  1- 3 |  4- 6 || total
-------------------------+-------+-------++-------
Melee: Long sword        |   123 |       ||   123
       Falchion          |     1 |    13 ||    14
Throw: Stone             |     2 |       ||     2
  Use: Scroll            |     1 |       ||     1
  Eat: Meat ration       |     1 |       ||     1
       Beef jerky        |     1 |       ||     1
Armor: Scale mail        |    54 |    17 ||    71
Dodge: Dodged            |    35 |    12 ||    47
Block: Shield            |    66 |    17 ||    83
